AoeStats
← Port Moresby

Lombardia

510254412Analyzed
4v4 RM · 2d ago on Sep 30, 2026· 48m 35s· 8 players
Game mode
Random Map
Map size
Large (8 player)
Population
200
Speed
Normal
Resources
Standard
Victory
Conquest
Starting age
Dark Age
Ending age
Imperial Age
RankedLock teamsTeams togetherTeam positionsShared explorationLock speedFull tech treeHidden civsTurbo modeCheats
Victory
Defeat
🇨🇳 Magyars · China
1183
+15
🇨🇳 Ethiopians · China
1127
+17
🇹🇼 Byzantines · Taiwan
1114
+19
🇯🇵 Varangians · Japan
1096
+18
🇯🇵 Japanese · Japan
1175
-18
🇺🇸 Bulgarians · United States
1172
-18
🇺🇸 Danes · United States
1164
-18
🇺🇸 Britons · United States
1100
-15
mydogqmi
5:17 Loom
11:17 Feudal Age
17:26 Double-Bit Axe
20:01 Castle Age
18:20 Horse Collar
20:54 Light Cavalry
24:26 Double-Bit Axe
25:53 Wheelbarrow
27:50 Heavy Plow
28:02 Bow Saw
28:34 Hand Cart
28:29 Gold Mining
28:30 Stone Mining
29:26 Forging
29:24 Scale Barding Armor
29:22 Husbandry
30:44 Iron Casting
33:53 Imperial Age
32:05 Gold Shaft Mining
32:06 Stone Shaft Mining
33:27 Chain Barding Armor
35:57 Plate Barding Armor
34:49 Heavy Camel Rider
36:04 Fortified Wall
36:15 Ballistics
36:56 Chemistry
36:08 Fletching
37:54 Two-Man Saw
37:27 Crop Rotation
37:22 Conscription
37:30 Logistica
38:44 Caravan
38:55 Guilds
40:27 Murder Holes
40:12 Treadmill Crane
41:12 Hoardings
43:07 Elite Cataphract
43:48 Bodkin Arrow
43:55 Padded Archer Armor
Tamejirou
6:09 Loom
9:24 Feudal Age
10:52 Double-Bit Axe
13:11 Bloodlines
14:24 Horse Collar
16:20 Wheelbarrow
17:07 Scale Barding Armor
22:00 Castle Age
21:02 Forging
22:45 Husbandry
24:35 Chain Barding Armor
24:48 Heavy Plow
25:02 Bow Saw
27:35 Iron Casting
28:17 Gold Mining
28:41 Light Cavalry
29:40 Town Watch
32:28 Hand Cart
32:37 Stone Mining
34:34 Stone Shaft Mining
38:57 Imperial Age
38:40 Caravan
39:39 Cavalier
40:49 Town Patrol
42:49 Plate Barding Armor
43:15 Blast Furnace
44:09 Conscription
43:11 Vendel Legacy
47:06 Two-Man Saw
48:04 Fletching
1722767622
10:27 Feudal Age
11:27 Double-Bit Axe
12:35 Loom
17:25 Gold Mining
17:18 Horse Collar
20:35 Castle Age
20:05 Stone Mining
21:45 Wheelbarrow
21:59 Bow Saw
25:44 Gold Shaft Mining
27:09 Bloodlines
27:30 Hand Cart
28:11 Bloodlines
28:02 Husbandry
33:33 Imperial Age
30:52 Town Watch
31:27 Scale Barding Armor
31:14 Fletching
32:22 Thumb Ring
33:38 Bodkin Arrow
33:58 Padded Archer Armor
33:50 Heavy Cavalry Archer
34:55 Parthian Tactics
35:00 Ballistics
35:41 Chemistry
35:24 Conscription
35:10 Bracer
36:43 Recurve Bow
37:40 Town Patrol
39:14 Hoardings
41:08 Caravan
43:49 Corvinian Army
47:24 Two-Man Saw
47:07 Chain Barding Armor
47:03 Leather Archer Armor
Coldplay
12:40 Feudal Age
16:56 Castle Age
14:39 Horse Collar
16:03 Padded Archer Armor
16:24 Double-Bit Axe
17:23 Fletching
23:23 Bow Saw
24:16 Heavy Plow
24:57 Gold Mining
26:04 Wheelbarrow
27:16 Hand Cart
27:26 Stone Mining
30:00 Gold Shaft Mining
28:50 Crossbowman
29:50 Leather Archer Armor
30:58 Thumb Ring
30:51 Bodkin Arrow
31:30 Ballistics
34:19 Imperial Age
32:09 Loom
32:10 Town Watch
32:41 Scale Mail Armor
35:50 Conscription
36:52 Two-Man Saw
36:39 Ring Archer Armor
36:10 Bracer
37:13 Chemistry
35:38 Arbalester
38:22 Chain Mail Armor
38:19 Forging
40:24 Town Patrol
45:47 Plate Mail Armor
45:53 Iron Casting
45:25 Siege Engineers
45:31 Masonry
46:20 Fortified Wall
46:44 Torsion Engines
49:02 Stone Shaft Mining
50:01 Blast Furnace
49:33 Architecture
Ay! Cabron
8:04 Loom
10:25 Feudal Age
16:21 Castle Age
14:24 Gold Mining
17:05 Castle Age
21:36 Pikeman
29:54 Fletching
34:12 Gold Mining
41:47 Imperial Age
39:03 Town Watch
39:35 Bodkin Arrow
40:39 Forging
41:40 Town Patrol
42:15 Wheelbarrow
42:51 Bracer
43:27 Squires
46:59 Ballistics
47:40 Chemistry
47:30 Halberdier
RexConquistadorLex
11:02 Feudal Age
11:58 Loom
12:21 Double-Bit Axe
13:01 Horse Collar
18:33 Castle Age
18:56 Stone Mining
19:00 Gold Mining
19:05 Fletching
25:03 Bow Saw
25:23 Squires
26:09 Heavy Plow
27:42 Town Watch
32:52 Imperial Age
31:50 Arson
32:17 Forging
33:06 Murder Holes
34:21 Gold Shaft Mining
34:14 Masonry
34:10 Scale Mail Armor
36:03 Wheelbarrow
36:12 Chain Mail Armor
36:41 Conscription
37:40 Plate Mail Armor
37:59 Elite Varangian Guard
39:53 Ballistics
40:11 Iron Casting
41:20 Chemistry
41:10 Bodkin Arrow
41:00 Heavy Scorpion
41:15 Elite Jomsviking
42:47 Stone Shaft Mining
42:02 Hamask
42:49 Capped Ram
44:43 Blast Furnace
44:15 Siege Ram
46:58 Bracer
47:46 Northmen's Fury
49:02 Hoardings
Big Oil
8:33 Loom
10:20 Feudal Age
11:33 Double-Bit Axe
16:03 Castle Age
14:55 Horse Collar
25:25 Wheelbarrow
28:36 Hand Cart
28:31 Fletching
28:42 Padded Archer Armor
29:55 Thumb Ring
30:09 Leather Archer Armor
29:49 Bodkin Arrow
33:46 Ballistics
36:16 Imperial Age
36:34 Bow Saw
37:00 Bracer
36:22 Heavy Cavalry Archer
38:26 Chemistry
37:42 Gold Mining
37:42 Stone Mining
38:55 Parthian Tactics
40:48 Elite Skirmisher
42:31 Heavy Scorpion
Port Moresby
3:22 Loom
11:44 Feudal Age
13:36 Wheelbarrow
16:01 Castle Age
14:12 Horse Collar
14:53 Double-Bit Axe
17:47 Bow Saw
19:15 Stone Mining
23:47 Hand Cart
25:08 Town Watch
30:37 Imperial Age
28:25 Heavy Plow
28:33 Gold Mining
30:26 Gold Shaft Mining
29:58 Yasama
30:36 Ballistics
32:58 Fletching
34:43 Two-Man Saw
33:49 Bodkin Arrow
33:39 Treadmill Crane
33:45 Pikeman
34:28 Squires
35:12 Kataparuto
35:50 Bracer
35:55 Halberdier
37:35 Scale Mail Armor
37:47 Forging
38:28 Chain Mail Armor
39:50 Iron Casting
42:18 Plate Mail Armor
42:48 Blast Furnace
46:38 Chemistry
Connection lost

Rejoining the realm…

Still unreachable

The connection could not be restored.

Session expired

The server has moved on; the page needs a fresh start.